 Dungeon Crawl Stone Soup version 0.23.2-40-g277498a001 (webtiles) character file.

Game seed: 14577908308421219220

695 Descartes the Shield-Bearer (level 7, -1/55 HPs)
             Began as a Formicid Fighter on Oct 17, 2019.
             Was a Believer of Vehumet.
             Slain by a quasit (2 damage)
             ... summoned by Eustachio
             ... on level 5 of the Dungeon on Oct 18, 2019.
             The game lasted 00:12:10 (4324 turns).

Descartes the Shield-Bearer (Formicid Fighter)      Turns: 4324, Time: 00:12:10

Health: -1/55      AC:  9    Str: 26    XL:     7   Next: 96%
Magic:  10/10      EV:  9    Int: 11    God:    Vehumet [**....]
Gold:   113        SH: 10    Dex: 11    Spells: 2/10 levels left

rFire    + . .     SeeInvis +   a - +0 war axe
rCold    . . .     Gourm    +   c - +0 shield
rNeg     . . .     Faith    .   b - +0 scale mail
rPois    .         Spirit   .   (helmet unavailable)
rElec    .         Reflect  .   K - +0 cloak
rCorr    .         Harm     .   J - +0 pair of gloves
MR       .....                  (no boots)
Stlth    ..........             w - amulet of the gourmand
HPRegen  0.18/turn              H - ring of protection from fire
MPRegen  0.12/turn              I - +3 ring of intelligence

@: mighty
A: permanent stasis, dig shafts and tunnels, four strong arms, antennae 3
a: Dig, Shaft Self, Renounce Religion


You were on level 5 of the Dungeon.
You worshipped Vehumet.
Vehumet was pleased with you.
You were completely stuffed.

You visited 1 branch of the dungeon, and saw 5 of its levels.

You collected 113 gold pieces.

Inventory:

Hand Weapons
 a - a +0 war axe (weapon)
 s - a +2 mace of venom
 D - a +0 morningstar
Missiles
 h - 95 stones
 o - 129 arrows
 q - 8 needles of sleeping
 t - 18 poisoned needles
 v - 12 tomahawks
 C - 18 sling bullets
 E - 3 tomahawks of returning (quivered)
Armour
 b - a +0 scale mail (worn)
 c - a +0 shield (worn)
 i - a +0 plate armour
 J - a +0 pair of gloves (worn)
 K - a +0 cloak (worn)
Jewellery
 w - an amulet of the gourmand (around neck)
 H - a ring of protection from fire (left hand)
 I - a +3 ring of intelligence (right hand)
Scrolls
 j - a scroll of enchant weapon {unknown}
 k - a scroll of enchant armour {unknown}
 n - a scroll of random uselessness {unknown}
 x - 2 scrolls of remove curse {unknown}
 y - 2 scrolls of fog {unknown}
 B - a scroll of fear {unknown}
 F - a scroll of immolation {unknown}
Potions
 d - a potion of might
 e - a potion of haste {unknown}
 g - a potion of ambrosia {unknown}
 l - a potion of lignification
 m - 2 potions of flight
 p - a potion of heal wounds {unknown}
 r - a potion of magic
 u - 5 potions of curing
 z - a potion of cancellation {unknown}
 A - a potion of brilliance {unknown}
 G - 2 potions of mutation {unknown}
Comestibles
 f - 9 rations


   Skills:
 + Level 4.8 Fighting
 + Level 4.0 Axes
 + Level 4.8 Armour
 - Level 0.5 Dodging
 - Level 0.2 Stealth
 + Level 5.4 Shields
 + Level 2.2 Spellcasting
 + Level 2.1 Conjurations
 + Level 0.8 Fire Magic
 + Level 2.0 Poison Magic


You had 2 spell levels left.
You knew the following spells:

 Your Spells              Type           Power        Failure   Level  Hunger
a - Magic Dart            Conj           #...         50%         1    ##.....
b - Sting                 Conj/Pois      #...         50%         1    ##.....
c - Mephitic Cloud        Conj/Pois/Air  #.......     93%         3    ####...
d - Conjure Flame         Conj/Fire      #.......     92%         3    ####...

Your spell library contained the following spells:

 Spells                   Type           Power        Failure   Level  Hunger
 Throw Frost              Conj/Ice       #.....       80%         2    ###....
 Call Imp                 Summ           #.......     91%         2    ###....
 Slow                     Hex            #.......     91%         2    ###....
 Blink                    Tloc           Unusable     N/A         2    N/A

Dungeon Overview and Level Annotations

Branches:
Dungeon (5/15)
 Temple: D:4-7

Altars:
Hepliaklqana
Ru
Vehumet

Annotations:
D:5 Eustachio


Innate Abilities, Weirdness & Mutations

You cannot be hasted, slowed, berserked, paralysed or teleported.
You can dig through walls and to a lower floor.
Your four strong arms can wield two-handed weapons with a shield.
You have a pair of large antennae on your head. (SInv)


Message History

You block the quasit's attack.
The white imp shouts, "Begone, thou churlish shard-borne scut!"
The white imp hits you.
* * * LOW HITPOINT WARNING * * *
The white imp freezes you.
* * * LOW HITPOINT WARNING * * *
The white imp gestures at you. The puff of frost hits you.
* * * LOW HITPOINT WARNING * * *
Eustachio mumbles some strange words.
The quasit barely misses you.
The quasit claws you but does no damage. x2
The white imp hits you.
* * * LOW HITPOINT WARNING * * *
The white imp freezes you.
* * * LOW HITPOINT WARNING * * *
You feel very mighty all of a sudden.
The white imp hits you but does no damage.
You block the rat's attack. You block Eustachio's attack. The quasit bites you.
You die...

###............###
.. .................
......##..........##
....####..........#
....##............#
.#................#
.................##
........#..5r.....#
..........b5@.....#
...###.....r@5.....#
.. .........b......#
.......!............
#..##.^#............
.. ..#...........##.
. #.............#
###............


You could see Eustachio, a quasit, 2 white imps, a quokka, 2 bats and a rat.

Vanquished Creatures
  A hippogriff (D:3)
  A phantom (D:4)
  2 howler monkeys (D:4)
  2 orc wizards
  An orc priest (D:3)
  A hound skeleton (D:4)
  4 gnolls (D:4)
  7 adders
  2 oozes (D:2)
  4 worms
  2 adder skeletons
  3 leopard geckos
  19 orcs
  2 ball pythons
  13 bats
  11 giant cockroaches
  9 goblins
  7 hobgoblins
  14 jackals
  A quokka (D:2)
  4 frilled lizards
  15 kobolds
  2 quokka skeletons (D:4)
  6 rats
133 creatures vanquished.

Notes
Turn   | Place    | Note
-------+----------+-------------------------------------------
     0 | D:1      | Descartes the Formicid Fighter began the quest for the Orb.
     0 | D:1      | Reached XP level 1. HP: 18/18 MP: 1/1
    50 | D:1      | Reached XP level 2. HP: 14/24 MP: 2/2
   595 | D:1      | Reached skill level 4 in Shields
   610 | D:1      | Reached XP level 3. HP: 24/29 MP: 3/3
  1075 | D:1      | Reached XP level 4. HP: 15/37 MP: 4/4
  1398 | D:2      | Found a radiant altar of Vehumet.
  1806 | D:2      | Learned a level 1 spell: Magic Dart
  1818 | D:3      | Noticed a hippogriff
  1826 | D:3      | Killed a hippogriff
  1826 | D:3      | Reached skill level 1 in Spellcasting
  1826 | D:3      | Reached skill level 1 in Conjurations
  1826 | D:3      | Reached XP level 5. HP: 26/43 MP: 4/6
  1826 | D:3      | Reached XP level 6. HP: 29/49 MP: 4/7
  1833 | D:3      | Found a radiant altar of Vehumet.
  2002 | D:3      | Became a worshipper of Vehumet
  2394 | D:2      | Reached skill level 5 in Shields
  2934 | D:3      | Reached * piety under Vehumet
  2934 | D:3      | Offered knowledge of Sting by Vehumet.
  2941 | D:3      | Learned a level 1 spell: Sting
  2981 | D:3      | Reached XP level 7. HP: 43/55 MP: 9/9
  3093 | D:3      | Found a hazy altar of Hepliaklqana.
  3485 | D:3      | Reached skill level 1 in Poison Magic
  3706 | D:4      | Reached ** piety under Vehumet
  3706 | D:4      | Offered knowledge of Throw Frost by Vehumet.
  3824 | D:4      | Learned a level 3 spell: Mephitic Cloud
  3828 | D:4      | Learned a level 3 spell: Conjure Flame
  4230 | D:4      | Found a sacrificial altar of Ru.
  4278 | D:5      | Entered Level 5 of the Dungeon
  4300 | D:5      | Noticed Eustachio
  4323 | D:5      | HP: 1/55 [white imp[Eustachio] (4)]
  4324 | D:5      | Slain by a quasit

Skill      XL: |  1  2  3  4  5  6  7 |
---------------+----------------------+-----
Shields        | 4 5 |  5.4
Axes           | 3 4 |  4.0
Fighting       | 4 |  4.8
Armour         | 4 |  4.8
Spellcasting   | 1 2 |  2.2
Conjurations   | 1 2 |  2.1
Poison Magic   | 2 |  2.0
Dodging        | |  0.5
Stealth        | |  0.2
Fire Magic     | |  0.8

Action                   |  1- 3 |  4- 6 |  7- 9 || total
-------------------------+-------+-------+-------++-------
Melee: War axe           |   106 |   180 |   183 ||   469
 Abil: Dig               |     1 |     1 |       ||     2
  Use: Scroll            |       |       |     5 ||     5
       Potion            |       |       |     1 ||     1
  Eat: Chunk             |     1 |    13 |     7 ||    21
Armor: Scale mail        |    62 |    86 |    77 ||   225
Dodge: Dodged            |    40 |    66 |    69 ||   175
Block: Shield            |    77 |   108 |   133 ||   318
